 Dungeon Crawl Stone Soup version 0.25.0-3-gd7cc5688da (webtiles) character file.

Game seed: 8243480833016744405

8706 shadizar the Geomancer (level 11, -8/68 HPs)
             Began as a Gargoyle Earth Elementalist on June 15, 2020.
             Was a Priest of Vehumet.
             Mangled by an eight-headed hydra (9 damage)
             ... on level 10 of the Dungeon.
             The game lasted 00:43:02 (16807 turns).

shadizar the Geomancer (GrEE)                      Turns: 16807, Time: 00:43:03

Health: -8/68      AC: 17    Str: 17    XL:     11   Next: 35%
Magic:  11/20      EV: 15    Int: 35    God:    Vehumet [***...]
Gold:   545        SH:  0    Dex: 13    Spells: 13/22 levels left

rFire    . . .     SeeInvis .   V - +0 falchion "shadizar's Bane" {drain, *Rage Int+9 Dex+3}
rCold    . . .     Gourm    .   (no shield)
rNeg     + . .     Faith    .   c - +0 robe
rPois    ∞         Spirit   .   C - +2 helmet
rElec    +         Reflect  .   y - +0 cloak
rCorr    .         Harm     .   p - +1 pair of gloves
MR       .....     Rnd*Rage +   (no boots)
Stlth    ++........             e - amulet of the acrobat
HPRegen  0.21/turn              O - +6 ring of intelligence
MPRegen  0.17/turn              v - +6 ring of strength

@: no status effects
A: negative energy resistance 1, electricity resistance, unbreathing,
petrification resistance, rot immunity, AC +8
a: Renounce Religion


You were on level 10 of the Dungeon.
You worshipped Vehumet.
Vehumet was most pleased with you.
You were not hungry.

You visited 3 branches of the dungeon, and saw 12 of its levels.
You also visited: Sewer.

You collected 545 gold pieces.

Inventory:

Hand Weapons
 a - a +2 vorpal mace
 x - a +0 hunting sling
 D - a +0 war axe
 V - the +0 falchion "shadizar's Bane" (weapon) {drain, *Rage Int+9 Dex+3}
   (You found it on level 1 of the Lair of Beasts)

   A truly terrible weapon, it drains the life of those it strikes.
   It affects your intelligence (+9).
   It affects your dexterity (+3).
   It may make you go berserk in combat.
Missiles
 b - 167 stones
 s - 8 boomerangs (quivered)
 E - 3 boomerangs of dispersal
Armour
 c - a +0 robe (worn)
 p - a +1 pair of gloves (worn)
 t - a +3 leather armour of cold resistance
 w - a +1 ring mail of magic resistance
 y - a +0 cloak (worn)
 B - a +0 animal skin
 C - a +2 helmet (worn)
 F - a +2 chain mail of magic resistance
Magical Staves
 M - a cursed staff of summoning
 R - an uncursed staff of earth
Jewellery
 e - an amulet of the acrobat (around neck)
 v - a +6 ring of strength (right hand)
 A - an uncursed ring of positive energy
 N - a +6 ring of strength
 O - a +6 ring of intelligence (left hand)
 T - an uncursed amulet of guardian spirit {unknown}
 W - an uncursed ring of magical power {unknown}
Wands
 l - a wand of clouds (10)
 L - a wand of iceblast (7)
 S - a wand of polymorph (10)
Scrolls
 i - 8 scrolls of teleportation
 m - 2 scrolls of enchant weapon
 q - a scroll of magic mapping
 r - 4 scrolls of identify
 G - 3 scrolls of blinking
 I - 2 scrolls of remove curse
 J - 2 scrolls of fear
Potions
 f - 3 potions of berserk rage {unknown}
 g - a potion of resistance {unknown}
 h - a potion of flight {unknown}
 j - a potion of magic {unknown}
 k - 5 potions of curing
 n - a potion of cancellation {unknown}
 o - a potion of lignification {unknown}
 u - 2 potions of might
 z - 3 potions of invisibility
 H - 2 potions of degeneration {unknown}
 K - 3 potions of brilliance {unknown}
 P - a potion of haste {unknown}
 Q - 2 potions of heal wounds
Comestibles
 d - 19 rations
 U - 2 chunks of flesh


   Skills:
 + Level 8.0 Fighting
 + Level 6.3 Maces & Flails
 + Level 6.3 Armour
 + Level 5.7 Dodging
 - Level 2.1 Stealth
 + Level 6.3 Spellcasting
 + Level 6.8 Conjurations
   Level 0.7 Transmutations
 + Level 8.7 Earth Magic


You had 13 spell levels left.
You knew the following spells:

 Your Spells              Type           Power        Failure   Level  Hunger
a - Sandblast             Erth           ######       1%          1    None
b - Stone Arrow           Conj/Erth      ######       1%          3    None
c - Lee's Rapid Deconstr  Erth           ######....   1%          5    ####...

Your spell library contained the following spells:

 Spells                   Type           Power        Failure   Level  Hunger
 Olgreb's Toxic Radiance  Pois           ##......     11%         4    ##.....
 Freeze                   Ice            ##..         1%          1    None
 Passwall                 Tmut/Erth      #####...     1%          2    None
 Hailstorm                Conj/Ice       ####....     2%          4    ##.....
 Animate Skeleton         Necr           N/A          3%          1    None
 Pain                     Necr           ##..         3%          1    None
 Summon Small Mammal      Summ           ##..         3%          1    None
 Frozen Ramparts          Ice            ##....       3%          3    None
 Call Imp                 Summ           ##......     5%          2    None
 Petrify                  Tmut/Erth      #####...     5%          4    ##.....
 Call Canine Familiar     Summ           ##......     11%         3    None
 Ozocubu's Armour         Chrm/Ice       ##......     11%         3    None
 Summon Guardian Golem    Hex/Summ       ##......     11%         3    None
 Vampiric Draining        Necr           ##........   11%         3    None
 Animate Dead             Necr           N/A          36%         4    ##.....
 Summon Ice Beast         Ice/Summ       ##......     36%         4    ##.....
 Summon Lightning Spire   Summ/Air       ##......     36%         4    ##.....
 Agony                    Necr           ##......     71%         5    ####...


Dungeon Overview and Level Annotations

Branches:
Dungeon (10/15)            Temple (1/1) D:6            Lair (1/6) D:10
    Orc (0/2) D:9           Sewer (visited)

Altars:
Ashenzari
Cheibriados
Dithmenos
Elyvilon
Fedhas
Gozag
Hepliaklqana
Kikubaaqudgha
Makhleb
Nemelex Xobeh
Okawaru
Qazlal
Ru
Sif Muna
Trog
Uskayaw
Vehumet
Wu Jian
Xom
Yredelemnul
Zin
The Shining One
Beogh

Shops:
D:5 %   D:6 =   D:7 *   D:10 !*

Annotations:
D:3 1 runed translucent door, Crazy Yiuf
D:4 2 runed translucent doors, lepoulpe303's ghost, novice DDFi


Innate Abilities, Weirdness & Mutations

You are resistant to torment.
Your stone body is resilient. (AC +8)
You are immune to poison.
You resist negative energy. (rN+)
You are resistant to electric shocks. (rElec)
You can survive without breathing.
You are immune to petrification.
You are immune to rotting.


Message History

Unknown command.
Casting: Stone Arrow (safe; 1% risk of failure)
Confirm with . or Enter, or press ? or * to list all spells.
Aiming: Stone Arrow (safe; 1% risk of failure)
Press: ? - help, Shift-Dir - straight line, f/p - eight-headed hydra
Aim: an eight-headed hydra (heavily wounded)
The stone arrow hits the eight-headed hydra!
The eight-headed hydra is severely wounded.
The eight-headed hydra closely misses you.
You riposte.
You hit the eight-headed hydra.
The eight-headed hydra is severely wounded.
The eight-headed hydra bites you. x2
The eight-headed hydra bites you but does no damage.
The eight-headed hydra bites you!
* * * LOW HITPOINT WARNING * * *
The eight-headed hydra completely misses you.
The eight-headed hydra bites you!
* * * LOW HITPOINT WARNING * * *
The eight-headed hydra bites you!
You die...

#.#####.# #.#.#####.... #.# #.#
########.#.#........ ..# #.#
#........#.#.##>.... #.# #.#
#.########.......... #.# #.# #.#
###..#..... #.# #.# #.#
###.....#### #.# #.# #.#
##.........## ..# #.#
#.######..P.....P..#
#######.######..@DY....P......P..
#...>..........####.......>....[.
#.#####....##### ##..P..........
#.# ####.# ##..P........# #.# #.#
##.........## #.# #.#
###.....#### #.########.# ###.###
# ........##.# #.÷# #
.........#.# #.## #


You could see an eight-headed hydra and a yak.

Vanquished Creatures
  Harold (Lair:1)
  An unseen horror (D:8)
  An elephant (D:10)
  Psyche (D:9)
  A komodo dragon (Lair:1)
  Grinder (D:3)
  A hippogriff (D:7)
  A yak (D:10)
  A wraith (D:10)
  A basilisk (D:10)
  A hungry ghost (D:7)
  A water moccasin (D:10)
  Duvessa (D:6)
  Purgy (Sewer)
  3 orc warriors
  2 porcupines
  4 sky beasts
  3 ice beasts
  A necrophage (D:10)
  3 ogres
  An eye of draining (D:10)
  2 phantoms
  2 centaurs (D:10)
  3 crocodiles
  5 bullfrogs
  A big kobold (D:10)
  2 gnoll sergeants
  Dowan (D:6)
  A scorpion (D:8)
  9 killer bees
  5 wights (D:9)
  2 electric eels
  A howler monkey (D:9)
  2 bullfrog zombies
  5 crimson imps
  A bullfrog skeleton (D:6)
  6 hounds
  4 jellies
  11 orc priests
  A centaur skeleton (D:7)
  An iguana (D:10)
  6 orc wizards
  10 worker ants
  A hound zombie (D:10)
  A hound skeleton (D:5)
  Robin (D:3)
  2 worker ant zombies
  10 gnolls
  17 adders
  A shadow imp (D:6)
  A white imp (D:5)
  8 oozes
  2 adder skeletons
  5 worms
  4 dart slugs (D:1)
  5 leopard geckos
  45 orcs
  10 giant cockroaches
  13 goblins
  7 hobgoblins
  12 jackals
  6 quokkas
  3 ball pythons
  10 bats
  2 frilled lizards
  A hobgoblin zombie (D:5)
  14 kobolds
  3 orc skeletons (D:5)
  3 orc zombies (D:5)
  A quokka zombie (D:6)
  9 rats
309 creatures vanquished.

Vanquished Creatures (others)
  2 orcs (D:8)
  2 fungi (Lair:1)
4 creatures vanquished.

Grand Total: 313 creatures vanquished

Notes
Turn   | Place    | Note
-------+----------+-------------------------------------------
     0 | D:1      | shadizar the Gargoyle Earth Elementalist began the quest
                  | for the Orb.
     0 | D:1      | Reached XP level 1. HP: 10/10 MP: 3/3
   253 | D:1      | Reached skill level 1 in Fighting
   253 | D:1      | Reached XP level 2. HP: 7/16 MP: 0/5
   978 | D:1      | Reached XP level 3. HP: 21/21 MP: 3/6
  2288 | D:2      | Reached XP level 4. HP: 12/26 MP: 5/7
  3006 | D:3      | Noticed Robin
  3279 | D:3      | Killed Robin
  3433 | D:3      | Learned a level 3 spell: Stone Arrow
  3685 | D:3      | Reached XP level 5. HP: 18/32 MP: 0/9
  3837 | D:3      | Reached skill level 1 in Maces & Flails
  4333 | D:2      | Reached skill level 1 in Conjurations
  4472 | D:3      | Reached XP level 6. HP: 24/37 MP: 0/10
  5199 | D:3      | Noticed Grinder
  5445 | D:3      | Found a runed translucent door.
  5446 | D:3      | Noticed Crazy Yiuf
  5541 | D:3      | Paralysed by Grinder for 7 turns
  5550 | D:3      | Killed Grinder
  5550 | D:3      | Reached skill level 5 in Earth Magic
  5550 | D:3      | Reached XP level 7. HP: 42/43 MP: 5/11
  6216 | D:4      | Found a large runed translucent door.
  6216 | D:4      | Found a large runed translucent door.
  6216 | D:4      | Noticed lepoulpe303's ghost (novice DDFi)
  6531 | D:5      | Entered Level 5 of the Dungeon
  6548 | D:5      | Found Nienelo's Food Shop.
  6675 | D:5      | Found a glowing golden altar of the Shining One.
  6727 | D:5      | Found a glowing drain.
  6764 | Sewer    | Entered a sewer
  6895 | Sewer    | Noticed Purgy
  6908 | Sewer    | Killed Purgy
  6908 | Sewer    | Reached skill level 1 in Armour
  7165 | D:5      | Reached skill level 5 in Fighting
  7212 | D:5      | Reached XP level 8. HP: 32/49 MP: 9/13
  7617 | D:5      | Found a blossoming altar of Fedhas.
  8023 | D:6      | Found Xuoleu's Jewellery Shop.
  8319 | D:6      | Noticed Duvessa
  8319 | D:6      | Noticed Dowan
  8334 | D:6      | Killed Duvessa
  8338 | D:6      | Killed Dowan
  8745 | D:6      | Found a staircase to the Ecumenical Temple.
  8756 | Temple   | Entered the Ecumenical Temple
  8772 | Temple   | Became a worshipper of Vehumet
  8915 | D:6      | Learned a level 5 spell: Lee's Rapid Deconstruction
  9064 | D:7      | Reached XP level 9. HP: 55/55 MP: 15/15
  9806 | D:7      | Reached * piety under Vehumet
  9806 | D:7      | Offered knowledge of Shock by Vehumet.
  9991 | D:7      | Found Xiyptedd's Assorted Antiques.
 10895 | D:8      | Found a hazy altar of Hepliaklqana.
 11098 | D:8      | Reached skill level 5 in Spellcasting
 11114 | D:8      | Reached skill level 5 in Conjurations
 11249 | D:7      | Found a blossoming altar of Fedhas.
 11249 | D:7      | Found a basalt altar of Yredelemnul.
 11481 | D:8      | Killed an unseen horror
 11481 | D:8      | Reached skill level 5 in Maces & Flails
 11481 | D:8      | Reached XP level 10. HP: 28/61 MP: 17/17
 12296 | D:8      | Offered knowledge of Magic Dart by Vehumet.
 12572 | D:9      | Found a staircase to the Orcish Mines.
 12572 | D:9      | Found a stormy altar of Qazlal.
 12592 | D:9      | Found a roughly hewn altar of Beogh.
 12594 | D:9      | Noticed Psyche
 12695 | D:9      | Reached skill level 5 in Armour
 12777 | D:9      | Reached ** piety under Vehumet
 12799 | D:9      | Reached skill level 5 in Dodging
 13144 | D:9      | Found an iron altar of Okawaru.
 13561 | D:9      | Killed Psyche
 13877 | D:10     | Entered Level 10 of the Dungeon
 13894 | D:10     | Noticed an elephant
 13934 | D:10     | Killed an elephant
 13938 | D:10     | Offered knowledge of Searing Ray by Vehumet.
 14316 | D:10     | Found a staircase to the Lair.
 14385 | D:10     | Identified a scroll of acquirement
 14812 | D:10     | Found Boarch's Elemental Accessories.
 14856 | D:10     | Reached *** piety under Vehumet
 14856 | D:10     | Reached XP level 11. HP: 60/67 MP: 19/19
 15242 | D:10     | Found Hemno's Distillery.
 15599 | D:10     | Offered knowledge of Olgreb's Toxic Radiance by Vehumet.
 16037 | Lair:1   | Entered Level 1 of the Lair of Beasts
 16348 | Lair:1   | Got an ancient falchion
 16376 | Lair:1   | Identified the cursed +0 falchion "shadizar's Bane" {drain,
                  | *Rage Int+9 Dex+3} (You found it on level 1 of the Lair of
                  | Beasts)
 16698 | Lair:1   | Noticed Harold
 16708 | Lair:1   | Killed Harold
 16723 | Lair:1   | Noticed an eight-headed hydra
 16807 | D:10     | HP: 1/68 [eight-headed hydra (13)]
 16807 | D:10     | Mangled by an eight-headed hydra

Illustrated notes

Levels and vault maps discovered:
D:1:      ncdulo_halloftheorcs, layout_basic, bh_walls_and_bars
D:2:      layout_basic
D:3:      layout_loops_corners, uniq_crazy_yiuf_cottage, uniq_robin,
          uniq_grinder
D:4:      layout_loops_ring, first_ration, ebering_ghost_disaster_area
D:5:      layout_cave_pools, nicolae_tso_besieged_by_evil, portal_sewer_entry_f,
          serial_shops, nicolae_shop_trees, hangedman_decor_lopped,
          fedhas_ov_isle_minmay
D:6:      layout_gridville, temple_hall, serial_shops, shop, uniq_duvessa
D:7:      layout_basic, nicolae_overflow_hidden_temple, serial_shops,
          nicolae_shop_temple_entry_statues_fountains
D:8:      layout_loops_ring, lemuel_crystal_altar,
          hangedman_little_slice_of_home, kennysheep_small_spiral
D:9:      layout_rooms, overflow_temple_1_default, lemuel_doored_altar,
          minmay_orc_entry_temple_small, uniq_psyche
D:10:     layout_loops_ring, david_lair_generic, serial_shops,
          nicolae_shop_stone, nicolae_elemental_shop, mrwooster_statue_mirror
Temple:   compressed_dpeg_circular_temple
Lair:1:   layout_cave_pods, serial_bayou_shore_a, uniq_harold

Skill      XL: |  1  2  3  4  5  6  7  8  9 10 11 |
---------------+----------------------------------+-----
Fighting       | 1 2 3 4 5 6 7 8 |  8.0
Earth Magic    | 4 5 6 7 8 |  8.7
Dodging        | 2 3 4 5 |  5.7
Maces & Flails | 1 2 3 5 6 |  6.3
Conjurations   | 1 2 3 5 6 |  6.8
Spellcasting   | 3 4 5 6 |  6.3
Armour         | 1 3 4 5 6 |  6.3
Stealth        | |  2.1
Transmutations | |  0.7

Action                   |  1- 3 |  4- 6 |  7- 9 | 10-12 || total
-------------------------+-------+-------+-------+-------++-------
Melee: Short sword       |    40 |       |       |       ||    40
       Unarmed           |     8 |       |       |       ||     8
       Club              |   110 |    50 |       |       ||   160
       Mace              |       |   165 |   513 |   455 ||  1133
       Falchion          |       |       |       |    30 ||    30
 Cast: Sandblast         |    12 |    56 |    57 |     8 ||   133
       Stone Arrow       |       |       |     6 |    30 ||    36
       Lee's Rapid Decon |       |       |       |     1 ||     1
  Use: Scroll            |       |     9 |     7 |     3 ||    19
       Potion            |       |       |     3 |       ||     3
 Stab: Sleeping          |     1 |     1 |     9 |     1 ||    12
       Distracted        |       |     1 |     1 |     1 ||     3
  Eat: Chunk             |     4 |    12 |    21 |    18 ||    55
Armor: Robe              |    84 |   142 |   332 |   266 ||   824
Dodge: Dodged            |   142 |   195 |   498 |   439 ||  1274
       Rpst.: Falchion   |       |       |       |    14 ||    14
